 Dungeon Crawl Stone Soup version 0.30.1 (webtiles) character file.

Game seed: 13214431670086771169

753 DemonSlayer the Magician (level 7, -4/72 HPs)
             Began as a Demonspawn Earth Elementalist on July 7, 2023.
             Slain by an orc warrior
             ... wielding a +0 scimitar
              (11 damage)
             ... on level 6 of the Dungeon.
             The game lasted 00:10:46 (5054 turns).

DemonSlayer the Magician (DsEE)                     Turns: 5054, Time: 00:10:46

Health: -4/72      AC:  4    Str:  6 (8)  XL:     7   Next: 49%
Magic:  0/14       EV: 12    Int: 13 (16) God:
Gold:   178        SH:  4    Dex: 16      Spells: 6/16 levels left

rFire   . . .        j - +0 dagger (pain)
rCold   . . .        (no shield)
rNeg    + + .        r - +1 robe
rPois   .            (no helmet)
rElec   .            s - +1 cloak
rCorr   .            (no gloves)
SInv    .            (no boots)
Will    .....        f - amulet of guardian spirit Stlth
                     m - ring of positive energy
HPRegen 0.32/turn    a - ring of positive energy
MPRegen 0.14/turn

%: guardian spirit
@: berserking, very quick
A: claws 1, powered by death 1, condensation shield, hooves 1, deformed body
a: no special abilities


You were on level 6 of the Dungeon.
You visited 1 branch of the dungeon, and saw 6 of its levels.

You collected 178 gold pieces.

Inventory:

Hand Weapons
 j - a +0 dagger of pain (weapon)
Missiles
 n - 5 silver boomerangs
 t - 8 curare-tipped darts
Armour
 r - a +1 robe (worn)
 s - a +1 cloak (worn)
Jewellery
 a - a ring of positive energy (right claw)
 f - an amulet of guardian spirit (around neck)
 m - a ring of positive energy (left claw)
Wands
 g - a wand of flame (1)
 q - a wand of charming (12)
Scrolls
 b - a scroll of teleportation
 d - 2 scrolls of amnesia
 h - a scroll of identify
 i - a scroll of enchant armour
 k - 2 scrolls of blinking
Potions
 e - a potion of brilliance {unknown}
 l - a potion of curing {unknown}
 o - 2 potions of haste {unknown}
 p - a potion of resistance {unknown}


   Skills:
 + Level 1.4 Fighting
 + Level 0.9 Short Blades
 + Level 2.2 Dodging
 + Level 3.1 Stealth
 + Level 5.3 Spellcasting
 + Level 0.8 Transmutations
 + Level 5.2 Earth Magic


You had 6 spell levels left.
You knew the following spells:

 Your Spells              Type           Power      Damage    Failure   Level
a - Sandblast             Erth           34%        2d9       1%          1
b - Stone Arrow           Conj/Erth      20%        3d8       19%         3
c - Passwall              Tmut/Erth      9%         N/A       8%          2
d - Petrify               Tmut/Erth      11%        N/A       45%         4

Your spell library contained the following spells:

 Spells                   Type           Power      Damage    Failure   Level
 Manifold Assault         Tloc           3%         N/A       88%         4
 Dispersal                Tloc           1%         N/A       100%        6
 Disjunction              Tloc           1%         N/A       100%        8


Dungeon Overview and Level Annotations

Branches:
Dungeon (5/15)
 Temple: D:4-7

Altars:
Makhleb
Ru
Uskayaw
Vehumet

Shops:
D:6 *


Innate Abilities, Weirdness & Mutations

You have sharp fingernails.
You regenerate a little health from kills.
A meltable shield of frost defends you. (SH +4)
You have large cloven feet.
Armour fits poorly on your strangely shaped body.


Message History

The orc warrior attacks as you move away!
The orc warrior misses you.
The blast of sand hits the orc warrior but does no damage.
The orc warrior hits you with a +0 scimitar.
The orc warrior hits you with a +0 scimitar!
A red film seems to cover your vision as you go berserk!
You feel yourself moving faster!
You feel mighty! The orc warrior barely misses you.
You hit the orc warrior.
The orc warrior is lightly wounded.
You hit the orc warrior but do no damage.
Your kick misses the orc warrior.
The orc warrior is lightly wounded.
You block the orc warrior's attack.
You puncture the orc warrior!
The orc warrior is heavily wounded.
You hit the orc warrior.
The orc warrior is heavily wounded.
The orc priest calls down the wrath of Beogh upon you.
Pain shoots through your body! The orc warrior misses you.
You closely miss the orc warrior.
The orc warrior is heavily wounded.
The orc warrior hits you with a +0 scimitar.
* * * LOW HITPOINT WARNING * * *
You hit the orc warrior.
The orc warrior is severely wounded.
You barely miss the orc warrior. Your kick misses the orc warrior.
The orc warrior is severely wounded.
The orc priest hits you with a +0 short sword.
* * * LOW HITPOINT WARNING * * *
The orc warrior hits you with a +0 scimitar!
* * * LOW HITPOINT WARNING * * *
You hit the orc warrior but do no damage.
Your kick misses the orc warrior.
The orc warrior is severely wounded.
You hit the orc priest.
The orc priest is moderately wounded.
The orc priest misses you.
The orc warrior hits you with a +0 scimitar!
You die...

#.#.. # #.o..
.# #...##.##
#.......# #..
#?.)....# ....
#...# .#
######...# .#
.....8...###o#
.........oo@.#
........#o####
∩............#
###########..#
#..###.# ## #.
##.....# ...
#. #.###.#
...###.#####.#
...........#.#


You could see an orc warrior, an orc priest and 2 orcs.

Vanquished Creatures
  2 ogres
  A kobold brigand (D:4)
  2 scorpions (D:4)
  A crimson imp (D:4)
  2 orc priests
  A sleepcap (D:5)
  2 orc wizards
  11 gnolls
  4 adders
  2 ufetubi
  3 dart slugs
  7 orcs
  4 endoplasms
  3 giant cockroaches
  5 goblins
  8 hobgoblins
  5 jackals
  4 quokkas
  5 ball pythons
  3 bats
  5 frilled lizards
  5 kobolds
  6 rats
91 creatures vanquished.

Notes
Turn   | Place    | Note
-------+----------+-------------------------------------------
     0 | D:1      | DemonSlayer the Demonspawn Earth Elementalist began the
                  | quest for the Orb.
     0 | D:1      | Reached XP level 1. HP: 13/13 MP: 3/3
   342 | D:1      | Gained mutation: You regenerate a little health from kills.
                  | [demonic ancestry]
   342 | D:1      | Reached XP level 2. HP: 13/19 MP: 0/5
   609 | D:1      | Reached XP level 3. HP: 24/24 MP: 3/6
  1958 | D:3      | Discovered your monstrous ancestry.
  1958 | D:3      | Gained mutation: You have sharp fingernails. [demonic
                  | ancestry]
  1958 | D:3      | Reached XP level 4. HP: 26/30 MP: 4/8
  2088 | D:4      | Found a sacrificial altar of Ru.
  2154 | D:4      | Noticed a kobold brigand
  2165 | D:4      | Killed a kobold brigand
  2166 | D:4      | Reached XP level 5. HP: 26/35 MP: 7/10
  2394 | D:4      | Learned a level 3 spell: Stone Arrow
  2397 | D:4      | Learned a level 2 spell: Passwall
  2402 | D:4      | Learned a level 4 spell: Petrify
  2518 | D:5      | Entered Level 5 of the Dungeon
  2630 | D:5      | Reached XP level 6. HP: 12/41 MP: 1/12
  3118 | D:4      | Found a burning altar of Makhleb.
  3119 | D:4      | Found a radiant altar of Vehumet.
  3268 | D:4      | Gained mutation: A meltable shield of frost defends you.
                  | (SH +4) [demonic ancestry]
  3268 | D:4      | Reached XP level 7. HP: 29/47 MP: 4/14
  3277 | D:4      | Reached skill level 5 in Spellcasting
  3287 | D:4      | Gained mutation: Armour fits poorly on your strangely
                  | shaped body. [potion of mutation]
  3287 | D:4      | Gained mutation: You have large cloven feet. [potion of
                  | mutation]
  4030 | D:3      | Noticed a +0 hand axe
  4031 | D:3      | Noticed a +0 dagger
  4033 | D:3      | Found a hide-covered altar of Uskayaw.
  4188 | D:3      | Reached skill level 5 in Earth Magic
  4337 | D:3      | Reached skill level 1 in Fighting
  4959 | D:5      | Identified the +0 chain mail of the Other Side {rC+}
  4998 | D:5      | You fall into a shaft and drop 1 floor!
  5033 | D:6      | Found Gonoebiu's Assorted Antiques.
  5054 | D:6      | Slain by an orc warrior

Illustrated notes

Levels and vault maps discovered:
D:1:      heliophobic_arrival_glass_houses, layout_rooms, serial_bayou,
          serial_bayou_pond_e, serial_bayou_shore_b, serial_bayou_lake_a,
          serial_bayou_pond_b, minmay_misc_feat_chi, minmay_misc_feat_diagonals
D:2:      layout_basic
D:3:      layout_loops_ring, dancing_weapons_uskayaw
D:4:      layout_loops_cross, nicolae_ru_great_annihilating_truth,
          grunt_temple_overflow_lords_of_destruction,
          nicolae_elevator_lobby_asterisk
D:5:      minmay_general_purpose_star, layout_loops_ring
D:6:      layout_basic, biasface_ghost_orc_armoury, serial_shops,
          nicolae_shop_temple_entry_statues_fountains, shop,
          nicolae_diamond_shop, uniq_pikel, uniq_grinder

Skill      XL: |  1  2  3  4  5  6  7 |
---------------+----------------------+-----
Earth Magic    | 3 4 5 |  5.2
Stealth        | 2 3 |  3.1
Spellcasting   | 3 4 5 |  5.3
Dodging        | 2 |  2.2
Fighting       | 1 |  1.4
Short Blades   | |  0.9
Transmutations | |  0.8

Action                     |  1- 3 |  4- 6 |  7- 9 || total
---------------------------+-------+-------+-------++-------
  Melee: Dagger            |     9 |    37 |    14 ||    60
         Kick              |       |       |     2 ||     2
  Throw: Throwing net      |       |     1 |       ||     1
   Cast: Sandblast         |    57 |    67 |    42 ||   166
         Stone Arrow       |       |     2 |       ||     2
    Use: Potion            |       |     8 |     3 ||    11
         Scroll            |       |     2 |     7 ||     9
   Stab: Sleeping          |     1 |     9 |     1 ||    11
 Armour: Robe              |     8 |    20 |     5 ||    33
         Skin              |       |     9 |       ||     9
  Dodge: Dodged            |    22 |    55 |    26 ||   103
  Block: Other             |       |       |     2 ||     2
